Map: Acropolis LE

Players

pHARM

  • Race: Zerg Zerg
  • League: Platinum
  • Spawn Location: 11:00

Jav - Winner!

  • Race: Protoss Protoss
  • League: Platinum
  • Spawn Location: 5:00

VOD

Have the link to the VOD?

Description

Time

  • Played on: Aug. 31, 2019, midnight
  • Length: 8:25
Show
View Real Time Build Order
Export as new Build Order

pHARM Zerg 

Build Orders: Hatch First 

Get SALT Encoding   

  12  0:02  Drone  
  13  0:13  Overlord  
  13  0:28  Drone  
  13  0:31  Drone x2  
  16  0:52  Hatchery  
  16  0:54  Drone  
  16  0:58  Drone  
  17  1:09  Drone  
  18  1:21  Drone  
  18  1:24  Drone  
  20  1:30  Spawning Pool  
  16  2:20  Spine Crawler  
  16  2:22  Drone  
  16  2:23  Drone x4  
  16  2:29  Roach Warren  
  19  2:31  Extractor  
  19  2:36  Drone  
  19  2:37  Drone x2  
  19  2:38  Spine Crawler  
  20  2:49  Drone x2  
  22  2:52  Queen  
  24  3:00  Drone x2  
  26  3:10  Drone x2  
  28  3:18  Overlord  
  28  3:28  Overlord  
  28  3:35  Queen  
  28  3:38  Drone  
  28  3:39  Drone x2  
  33  3:48  Roach  
  35  3:51  Roach  
  37  3:56  Roach  
  39  4:10  Ravager  
  40  4:23  Ravager  
  41  4:28  Drone x3  
  41  4:29  Spine Crawler  
  43  4:53  Spore Crawler  
  43  4:59  Overlord x2  
  42  5:16  Queen  
  44  5:22  Overlord, Roach  
  44  5:23  Roach x3  
  52  5:43  Ravager  
  53  5:51  Drone x6  
  59  6:05  Ravager  
  60  6:43  Overlord  
  60  6:44  Overlord  
  58  6:54  Queen  
  58  6:55  Queen  
  56  7:21  Ravager  
  57  7:30  Queen x2  
Show
View Real Time Build Order
Export as new Build Order

Jav Protoss - Winner!

Build Orders:  

Get SALT Encoding   

  12  0:00  Probe  
  13  0:16  Pylon  
  13  0:22  Probe  
  14  0:34  Probe  
  15  0:43  Forge  
  15  0:46  Probe  
  16  0:57  Pylon  
  16  1:00  Probe  
  17  1:04  Assimilator  
  17  1:09  Probe  
  18  1:24  Photon Cannon  
  18  1:25  Pylon  
  18  1:35  Gateway  
  18  1:42  Pylon  
  18  1:55  Photon Cannon  
  18  2:01  Photon Cannon  
  18  2:07  Pylon  
  18  2:15  Photon Cannon  
  18  2:26  Cybernetics Core  
  18  2:34  Assimilator  
  18  2:39  Zealot  
  20  3:03  Shield Battery  
  20  3:05  Shield Battery  
  20  3:14  Stalker  
  22  3:23  Stargate  
  22  3:36  Probe  
  23  3:44  Probe  
  24  3:54  Probe  
  24  4:02  Void Ray  
  29  4:40  Nexus  
  29  4:57  Shield Battery  
  25  5:23  Void Ray  
  29  5:36  Probe  
  29  5:39  Warp Gate  
  30  5:44  Probe  
  30  5:47  Stalker  
  33  5:54  Probe  
  34  5:57  Probe  
  35  6:05  Probe  
  35  6:06  Void Ray  
  40  6:15  Probe  
  41  6:27  Probe  
  42  6:43  Photon Cannon  
  42  6:44  Photon Cannon  
  42  6:47  Shield Battery  
  42  6:49  Shield Battery  
  42  7:16  Probe  
  43  7:25  Probe  
  43  7:26  Pylon  
  44  7:31  Assimilator  
  44  7:33  Assimilator  
  44  7:34  Probe  
  45  7:46  Probe  
  46  7:55  Stalker  
  48  7:58  Probe  
  48  8:02  Robotics Facility  
Tags
 
Matchup
PvZ
Replay Pack
10.7.19
Spawn Locations
Cross Positions
Add a new tag
Caveats
  • Supply blocks, unpowered buildings, or Contaminate may cause inaccurate times.
  • Supply counts are checked every 10 seconds.